SAAA
SCRANTON SUPERNOVAS @ NAPERVILLE BATTLEKINGS
05/22/2017
 
TOP OF THE 1ST
Scranton Supernovas batting - Pitching for Naperville Battlekings : RHP David Auchinleck
Pitching: RHP David Auchinleck
Batting: RHB Ryan Simpson 0-0: Ball
1-0: Ground out 5-3 (Groundball, 5)
Batting: RHB Sergio Canales 0-0: Ball
1-0: Called Strike
1-1: Ball
2-1: Ball
3-1: Called Strike
3-2: TRIPLE (Groundball, 3L)
Batting: RHB Michael Messer 0-0: Ball
1-0: Ball
2-0: Ground out 5-3 (Groundball, 5S)
Batting: RHB Jerome Wilson 0-0: Called Strike
0-1: Ball
1-1: Ball
2-1: Called Strike
2-2: Foul Ball, location: 2F
2-2: SINGLE (Line Drive, 78S)
Sergio Canales scores
Batting: LHB Sébastien Rolland 0-0: Called Strike
0-1: Ball
Jerome Wilson is caught stealing 2nd base
Top of the 1st over - 1 run(s), 2 hit(s), 0 error(s), 0 left on base; Scranton 1 - Naperville 0
BOTTOM OF THE 1ST
Naperville Battlekings batting - Pitching for Scranton Supernovas : RHP Tom Melton
Pitching: RHP Tom Melton
Batting: RHB John Farrell 0-0: Ball
1-0: Ball
2-0: Called Strike
2-1: Fly out, F9 (Popup, 4D)
Batting: RHB Wayne Bannatyne 0-0: Ball
1-0: Called Strike
1-1: Foul Ball, location: 2F
1-2: Foul Ball, location: 2F
1-2: Ball
2-2: Foul Ball, location: 2F
2-2: Foul Ball, location: 2F
2-2: Ball
3-2: Base on Balls
Batting: LHB Cristo Ramírez 0-0: Ball
Wayne Bannatyne steals 2nd base
1-0: Called Strike
1-1: Foul Ball, location: 2F
1-2: Reached on Error, E3 (Line Drive, 3)
Wayne Bannatyne to third
Batting: RHB Alfredo López 0-0: Ball
1-0: Foul Ball, location: 2F
1-1: Called Strike
1-2: Ball
2-2: 3-RUN HOME RUN (Flyball, 7LD), Distance : 343 ft
Batting: RHB Tony Sánchez 0-0: Ball
1-0: Fly out, F4 (Popup, 4D)
Batting: RHB Joe Ferneyhough 0-0: Ground out 5-3 (Groundball, 5S)
Bottom of the 1st over - 3 run(s), 1 hit(s), 1 error(s), 0 left on base; Scranton 1 - Naperville 3
TOP OF THE 2ND
Scranton Supernovas batting - Pitching for Naperville Battlekings : RHP David Auchinleck
Batting: LHB Sébastien Rolland 0-0: Ball
1-0: Ball
2-0: Reached on error, E4 (Groundball, 4M)
Batting: RHB Phil Fleming 0-0: Ball
1-0: Ball
Sébastien Rolland steals 2nd base
2-0: Fly out, F9 (Flyball, 9S)
Batting: RHB Gus Gibbs 0-0: Called Strike
0-1: SINGLE (Groundball, 4MD)
Sébastien Rolland to third
Runner from 3rd tries for Home, throw and OUT!
Gus Gibbs to second
Batting: RHB Matt Brown 0-0: Called Strike
0-1: Foul Ball, location: 2F
0-2: Ball
1-2: Ball
2-2: Ball
3-2: Strikes out looking
Top of the 2nd over - 0 run(s), 1 hit(s), 1 error(s), 1 left on base; Scranton 1 - Naperville 3
BOTTOM OF THE 2ND
Naperville Battlekings batting - Pitching for Scranton Supernovas : RHP Tom Melton
Batting: LHB Jack Mason 0-0: Ball
1-0: Fly out, F7 (Line Drive, 7LS)
Batting: RHB Jim Unknown 0-0: Called Strike
0-1: Ground out 6-3 (Groundball, 56)
Batting: LHB Jim Unknown 0-0: Ground out 5-3 (Groundball, 5D)
Bottom of the 2nd over - 0 run(s), 0 hit(s), 0 error(s), 0 left on base; Scranton 1 - Naperville 3
TOP OF THE 3RD
Scranton Supernovas batting - Pitching for Naperville Battlekings : RHP David Auchinleck
Batting: LHB Mark Evans 0-0: Ball
1-0: Fly out, F7 (Line Drive, 7M)
Batting: RHB Ryan Simpson 0-0: SINGLE (Line Drive, 78S)
Batting: RHB Sergio Canales 0-0: Ball
1-0: Grounds into double play, 4-6-3 (Groundball, 4)
Top of the 3rd over - 0 run(s), 1 hit(s), 0 error(s), 0 left on base; Scranton 1 - Naperville 3
BOTTOM OF THE 3RD
Naperville Battlekings batting - Pitching for Scranton Supernovas : RHP Tom Melton
Batting: RHB John Farrell 0-0: Called Strike
0-1: Fly out, F7 (Flyball, 7LM)
Batting: RHB Wayne Bannatyne 0-0: Called Strike
0-1: Ball
1-1: SINGLE (Groundball, 6MD)
Batting: LHB Cristo Ramírez 0-0: Ball
1-0: Foul Ball, location: 2F
1-1: Ball
2-1: Foul Ball, location: 2F
2-2: Ball
3-2: Fielders Choice at 2nd, 3-6 (Groundball, 3)
Batting: RHB Alfredo López 0-0: Ball
1-0: 2-RUN HOME RUN (Flyball, 78XD), Distance : 424 ft
Pitching: LHP Mitch Bowman
Batting: RHB Tony Sánchez 0-0: Foul Ball, location: 2F
0-1: Ball
1-1: Foul Ball, location: 2F
1-2: Ball
2-2: Strikes out looking
Bottom of the 3rd over - 2 run(s), 2 hit(s), 0 error(s), 0 left on base; Scranton 1 - Naperville 5
TOP OF THE 4TH
Scranton Supernovas batting - Pitching for Naperville Battlekings : RHP David Auchinleck
Batting: RHB Michael Messer 0-0: Ball
1-0: SINGLE (Groundball, 6)
Batting: RHB Jerome Wilson 0-0: Ball
1-0: Ball
2-0: Called Strike
2-1: Called Strike
2-2: Strikes out swinging
Batting: LHB Sébastien Rolland 0-0: Swinging Strike
0-1: Ball
1-1: Fielders Choice at 2nd, U6 (Groundball, 6M)
Batting: RHB Phil Fleming 0-0: Called Strike
0-1: Called Strike
0-2: Ball
1-2: Fly out, F9 (Flyball, 89M)
Top of the 4th over - 0 run(s), 1 hit(s), 0 error(s), 1 left on base; Scranton 1 - Naperville 5
BOTTOM OF THE 4TH
Naperville Battlekings batting - Pitching for Scranton Supernovas : LHP Mitch Bowman
Batting: RHB Joe Ferneyhough 0-0: Ball
Error on foul ball, E5
1-1: Ball
2-1: Ball
3-1: Foul Ball, location: 2F
3-2: Base on Balls
Batting: LHB Jack Mason 0-0: Called Strike
0-1: Ball
1-1: Fly out, F8 (Flyball, 8RM)
Batting: RHB Jim Unknown 0-0: Ball
1-0: SINGLE (Groundball, 4D)
Joe Ferneyhough to second
Runner from 2nd tries for 3rd, SAFE, no throw or cutoff
Batting: LHB Jim Unknown 0-0: Fly out, F8 (Flyball, 8RS)
Batting: RHB John Farrell 0-0: Ball
1-0: Swinging Strike
1-1: Ground out 6-3 (Groundball, 6)
Bottom of the 4th over - 0 run(s), 1 hit(s), 1 error(s), 2 left on base; Scranton 1 - Naperville 5
TOP OF THE 5TH
Scranton Supernovas batting - Pitching for Naperville Battlekings : RHP David Auchinleck
Batting: RHB Gus Gibbs 0-0: Foul Ball, location: 2F
0-1: Ball
1-1: Foul Ball, location: 2F
1-2: Ball
2-2: Ball
3-2: Foul Ball, location: 2F
3-2: SINGLE (Line Drive, 56D)
Batting: RHB Matt Brown 0-0: Called Strike
0-1: Ball
1-1: Foul Ball, location: 2F
1-2: Foul Ball, location: 2F
1-2: Ball
2-2: Ball
3-2: Ground out 4-3 (Groundball, 4M)
Gus Gibbs to second
Batting: LHB Mark Evans 0-0: Called Strike
0-1: Ball
1-1: Called Strike
1-2: Ball
2-2: Ball
3-2: Base on Balls
Batting: RHB Ryan Simpson 0-0: Ball
1-0: SINGLE (Groundball, 6M)
Gus Gibbs to third
Mark Evans to second
Runner from 3rd tries for Home, SAFE, no throw or cutoff
Batting: RHB Sergio Canales 0-0: Called Strike
0-1: Fly out, F8 (Flyball, 8LM)
Batting: RHB Michael Messer 0-0: Foul Ball, location: 2F
0-1: Ball
1-1: Called Strike
1-2: Strikes out swinging
Top of the 5th over - 1 run(s), 2 hit(s), 0 error(s), 2 left on base; Scranton 2 - Naperville 5
BOTTOM OF THE 5TH
Naperville Battlekings batting - Pitching for Scranton Supernovas : LHP Mitch Bowman
Batting: RHB Wayne Bannatyne 0-0: Called Strike
0-1: Ball
1-1: Ball
2-1: Fly out, F9 (Flyball, 89S)
Batting: LHB Cristo Ramírez 0-0: Called Strike
0-1: SOLO HOME RUN (Flyball, 89XD), Distance : 414 ft
Batting: RHB Alfredo López 0-0: Called Strike
0-1: Ball
1-1: Ball
2-1: Ball
3-1: Foul Ball, location: 2F
3-2: Base on Balls
Batting: RHB Tony Sánchez 0-0: Called Strike
0-1: Ball
1-1: SINGLE (Groundball, 4D)
Alfredo López to second
Runner from 2nd tries for 3rd, SAFE, throw made to third
Tony Sánchez to second
Batting: RHB Joe Ferneyhough 0-0: Intentional Walk
Batting: LHB Jack Mason 0-0: Called Strike
0-1: Ball
1-1: Foul Ball, location: 2F
1-2: Ball
2-2: GRAND SLAM HOME RUN (Flyball, 9D), Distance : 368 ft
Pitching: RHP Bob Meyer
Batting: RHB Jim Unknown 0-0: Ball
1-0: Ball
2-0: Called Strike
2-1: Foul Ball, location: 2F
2-2: Ball
3-2: Fly out, F8 (Flyball, 8RM)
Batting: LHB Jim Unknown 0-0: Ball
1-0: Ball
2-0: DOUBLE (Flyball, 89XD)
Batting: RHB John Farrell 0-0: Foul Ball, location: 2F
0-1: Ball
1-1: Fly out, F7 (Flyball, 7M)
Bottom of the 5th over - 5 run(s), 4 hit(s), 0 error(s), 1 left on base; Scranton 2 - Naperville 10
TOP OF THE 6TH
Scranton Supernovas batting - Pitching for Naperville Battlekings : RHP David Auchinleck
Batting: RHB Jerome Wilson 0-0: Ball
1-0: Ball
2-0: Ball
3-0: Base on Balls
Batting: LHB Sébastien Rolland 0-0: Ball
1-0: Ball
2-0: Reached on error, E3 (Groundball, 34S)
Jerome Wilson to second
Batting: RHB Phil Fleming 0-0: Fielders Choice at 3rd, U5 (Groundball, 5L)
Sébastien Rolland to second
Batting: RHB Gus Gibbs 0-0: Foul Ball, location: 2F
0-1: Called Strike
0-2: Ball
1-2: SINGLE (Groundball, 4MD)
Sébastien Rolland to third
Phil Fleming to second
Runner from 3rd tries for Home, SAFE, no throw or cutoff
Batting: RHB Matt Brown 0-0: Ball
1-0: Called Strike
1-1: Ball
2-1: Foul Ball, location: 2F
2-2: Fielders Choice at 2nd, 6-4 (Groundball, 6M)
Phil Fleming to third
Pitching: RHP Jim Unknown
Batting: LHB Mark Evans 0-0: Ball
1-0: Foul Ball, location: 2F
1-1: Ball
2-1: Ball
3-1: SINGLE (Line Drive, 8LS)
Phil Fleming scores
Matt Brown to second
Runner from 2nd tries for 3rd, SAFE, no throw or cutoff
Batting: RHB Ryan Simpson 0-0: Called Strike
0-1: Called Strike
0-2: Strikes out swinging
Top of the 6th over - 2 run(s), 2 hit(s), 1 error(s), 2 left on base; Scranton 4 - Naperville 10
BOTTOM OF THE 6TH
Naperville Battlekings batting - Pitching for Scranton Supernovas : RHP Bob Meyer
Batting: RHB Wayne Bannatyne 0-0: Called Strike
0-1: Ball
1-1: SINGLE (Flyball, 8LS)
Batting: LHB Cristo Ramírez 0-0: Fly out, F9 (Flyball, 9D)
Batting: RHB Alfredo López 0-0: Ball
Throwing error on steal attempt, E2
Wayne Bannatyne to third
1-0: Ball
2-0: Called Strike
2-1: Foul Ball, location: 2F
2-2: Ball
3-2: Base on Balls
Batting: RHB Tony Sánchez 0-0: Foul Ball, location: 2F
0-1: Ball
1-1: Fly out, F8 (Flyball, 8LM)
Runner from 3rd tags up, SCORES, throw made
Batting: RHB Joe Ferneyhough 0-0: Swinging Strike
0-1: Ball
1-1: Ball
2-1: Ball
3-1: Foul Ball, location: 2F
3-2: Foul Ball, location: 2F
3-2: Base on Balls
Alfredo López to second
Batting: LHB Jack Mason 0-0: Ball
1-0: SINGLE (Groundball, 3L)
Alfredo López to third
Joe Ferneyhough to second
Runner from 3rd tries for Home, throw and OUT!
Bottom of the 6th over - 1 run(s), 2 hit(s), 1 error(s), 2 left on base; Scranton 4 - Naperville 11
TOP OF THE 7TH
Scranton Supernovas batting - Pitching for Naperville Battlekings : RHP Jim Unknown
Batting: RHB Sergio Canales 0-0: Ball
1-0: Ball
2-0: Ball
3-0: Called Strike
3-1: Bunt missed!
3-2: Foul Ball, location: 2F
3-2: SINGLE (Groundball, 56D)
Batting: RHB Michael Messer 0-0: Ball
1-0: Swinging Strike
1-1: Foul Ball, location: 2F
1-2: Strikes out swinging
Batting: RHB Jerome Wilson 0-0: Called Strike
0-1: Swinging Strike
0-2: Strikes out swinging
Batting: LHB Sébastien Rolland 0-0: Foul Ball, location: 2F
0-1: Ball
1-1: Foul Ball, location: 2F
1-2: Ball
2-2: SINGLE (Line Drive, 78S)
Sergio Canales to second
Batting: RHB Phil Fleming 0-0: Foul Ball, location: 2F
0-1: Fielders Choice at 2nd, 6-4 (Groundball, 6)
Top of the 7th over - 0 run(s), 2 hit(s), 0 error(s), 1 left on base; Scranton 4 - Naperville 11
BOTTOM OF THE 7TH
Naperville Battlekings batting - Pitching for Scranton Supernovas : RHP Bob Meyer
Batting: RHB Jim Unknown 0-0: Ball
1-0: Foul Ball, location: 2F
1-1: Called Strike
1-2: Ground out 5-3 (Groundball, 56S)
Pitching: RHP Clinton Anderson
Batting: LHB Jim Unknown 0-0: Called Strike
0-1: Foul Ball, location: 2F
0-2: Ball
1-2: Foul Ball, location: 2F
1-2: Fly out, F9 (Flyball, 89D)
Batting: RHB John Farrell 0-0: Ball
1-0: Called Strike
1-1: Foul Ball, location: 2F
1-2: Strikes out looking
Bottom of the 7th over - 0 run(s), 0 hit(s), 0 error(s), 0 left on base; Scranton 4 - Naperville 11
TOP OF THE 8TH
Scranton Supernovas batting - Pitching for Naperville Battlekings : RHP Jim Unknown
Batting: RHB Gus Gibbs 0-0: Ground out 6-3 (Groundball, 6)
Batting: RHB Matt Brown 0-0: Fly out, F4 (Popup, 4M)
Pinch Hitting: LHB Ismael Dolit 0-0: Called Strike
0-1: Foul Ball, location: 2F
0-2: Strikes out looking
Top of the 8th over - 0 run(s), 0 hit(s), 0 error(s), 0 left on base; Scranton 4 - Naperville 11
BOTTOM OF THE 8TH
Naperville Battlekings batting - Pitching for Scranton Supernovas : RHP Clinton Anderson
Now at 1B: Ismael Dolit
Batting: RHB Wayne Bannatyne 0-0: Ball
1-0: Ball
2-0: Foul Ball, location: 2F
2-1: Called Strike
2-2: Strikes out swinging
Batting: LHB Cristo Ramírez 0-0: Ball
1-0: Ball
2-0: Ball
3-0: Called Strike
3-1: Base on Balls
Batting: RHB Alfredo López 0-0: Ball
1-0: Foul Ball, location: 2F
1-1: Foul Ball, location: 2F
1-2: Ball
2-2: Foul Ball, location: 2F
2-2: Ball
3-2: Ground out 6-3 (Groundball, 6)
Cristo Ramírez to second
Batting: RHB Tony Sánchez 0-0: Ball
1-0: SINGLE (Groundball, 4M) (infield hit)
Cristo Ramírez to third
Batting: RHB Joe Ferneyhough 0-0: Fly out, F9 (Flyball, 9S)
Bottom of the 8th over - 0 run(s), 1 hit(s), 0 error(s), 2 left on base; Scranton 4 - Naperville 11
TOP OF THE 9TH
Scranton Supernovas batting - Pitching for Naperville Battlekings : RHP Jim Unknown
Batting: RHB Ryan Simpson 0-0: Ground out 6-3 (Groundball, 6M)
Batting: RHB Sergio Canales 0-0: Swinging Strike
0-1: Ball
1-1: SINGLE (Line Drive, 6M)
Batting: RHB Michael Messer 0-0: Fly out, F8 (Flyball, 8LXD)
Batting: RHB Jerome Wilson 0-0: Foul Ball, location: 2F
0-1: Fly out, F9 (Line Drive, 9M)
Top of the 9th over - 0 run(s), 1 hit(s), 0 error(s), 1 left on base; Scranton 4 - Naperville 11
This league is powered by Out of the Park Baseball, the baseball management simulation game for PC, Mac and Linux
Saturday, February 27th, 2021 - OOTP Baseball 15.6 Build 34